 Dungeon Crawl Stone Soup version 0.27-a0-1529-g1e82c303ef (webtiles) character file.

Game seed: 11443213753946858916

94 ipx the Digger (level 4, -3/24 HPs)
             Began as a Deep Elf Earth Elementalist on July 12, 2021.
             Killed by nerve-wracking pain
             ... invoked by Jessica
              (10 damage)
             ... on level 3 of the Dungeon.
             The game lasted 00:16:19 (1133 turns).

ipx the Digger (Deep Elf Earth Elementalist)        Turns: 1133, Time: 00:16:19

Health: -3/24      AC:  8    Str:  5    XL:     4   Next: 38%
Magic:  1/10       EV: 12    Int: 21    God:
Gold:   116        SH:  4    Dex: 15    Spells: 3/9 levels left

rFire    . . .     SeeInvis .   k - +0 dagger (vamp)
rCold    . . .     Faith    .   a - +0 buckler
rNeg     . . .     Spirit   .   j - +1 animal skin
rPois    .         Reflect  .   i - +0 helmet
rElec    .         Harm     .   r - +2 cloak
rCorr    .         Rampage  .   f - +0 pair of gloves
Will     .....                  (no boots)
Stlth    ++........             (no amulet)
HPRegen  0.08/turn              (no ring)
MPRegen  0.12/turn              (no ring)

@: no status effects
A: no striking features
a: no special abilities


You were on level 3 of the Dungeon.
You visited 1 branch of the dungeon, and saw 3 of its levels.

You collected 116 gold pieces.

Inventory:

Hand Weapons
 k - a +0 vampiric dagger (weapon)
Missiles
 c - 22 stones
 o - 4 boomerangs
 p - 6 atropa-tipped darts
Armour
 a - a +0 buckler (worn)
 f - a +0 pair of gloves (worn)
 i - a +0 helmet (worn)
 j - a +1 animal skin (worn)
 r - a +2 cloak (worn)
Wands
 h - a wand of polymorph (3)
Scrolls
 e - 2 scrolls of enchant armour {unknown}
 l - 2 scrolls of enchant weapon {unknown}
 n - a scroll of identify {unknown}
 q - a scroll of brand weapon {unknown}
Potions
 b - a potion of ambrosia {unknown}
 d - a potion of heal wounds {unknown}
 g - a potion of mutation {unknown}
 m - a potion of curing {unknown}


   Skills:
 - Level 2.4 Dodging
 - Level 2.4 Stealth
 + Level 2.0 Shields
 - Level 3.0 Spellcasting
 + Level 1.3 Conjurations
 - Level 1.1 Transmutations
 + Level 4.5 Earth Magic


You had 3 spell levels left.
You knew the following spells:

 Your Spells              Type           Power      Damage    Failure   Level
r - Stone Arrow           Conj/Erth      30%        3d8       16%         3
w - Passwall              Tmut/Erth      12%        N/A       9%          2
z - Sandblast             Erth           44%        2d11      2%          1

Your spell library contained the following spells:

 Spells                   Type           Power      Damage    Failure   Level
 Petrify                  Tmut/Erth      15%        N/A       47%         4


Dungeon Overview and Level Annotations

Branches:
Dungeon (3/15)

Altars:

Shops:
D:2 (

Annotations:
D:2 Natasha
D:3 Jessica


Message History

Unknown command.
Casting: Sandblast (safe; 2% risk of failure)
Confirm with . or Enter, or press ? or * to list all spells.
The spell is quite dangerous to cast (16% risk of failure)!
Continue anyway?
Aiming: Stone Arrow (quite dangerous; 16% risk of failure)
Press: ? - help, Shift-Dir - straight line, f - Grinder
Aim: Grinder (asleep, 100% to hit)
The stone arrow hits Grinder!
Grinder is moderately wounded.
Grinder shouts!
You hear a shout!
Casting: Stone Arrow (quite dangerous; 16% risk of failure)
Confirm with . or Enter, or press ? or * to list all spells.
Aiming: Sandblast (safe; 2% risk of failure)
Press: ? - help, Shift-Dir - straight line, f/p - Grinder
Aim: Grinder (moderately wounded, 78% to hit)
The blast of sand hits Grinder.
Grinder is moderately wounded.
Grinder hits you!
* * * LOW HITPOINT WARNING * * *
Casting: Sandblast (safe; 2% risk of failure)
Confirm with . or Enter, or press ? or * to list all spells.
Aiming: Sandblast (safe; 2% risk of failure)
Press: ? - help, Shift-Dir - straight line, f/p - Grinder
Aim: Grinder (moderately wounded, 78% to hit)
The blast of sand hits Grinder.
Grinder is heavily wounded.
Grinder hits you but does no damage.
Jessica the Apprentice Sorceress comes into view.
She is wielding a +0 club.
Grinder barely misses you.
Casting: Sandblast (safe; 2% risk of failure)
Confirm with . or Enter, or press ? or * to list all spells.
The spell is quite dangerous to cast (16% risk of failure)!
Continue anyway?
Aiming: Stone Arrow (quite dangerous; 16% risk of failure)
Press: ? - help, Shift-Dir - straight line, f/p - Grinder
Aim: Grinder (heavily wounded, 64% to hit)
The stone arrow hits Grinder!!
You kill Grinder!
Jessica casts a spell at you. Pain shoots through your body!
You die...

######### # .......### #
# #....... #
##.##.##.#### #
#........<..###### #
#...##@##.##......# #
........##.#######.#####
##..@....... #......
##.###.##### #####.. #
#.# #.# #.# #.# #.# #.#
#.# #.# #.#


You could see Jessica.

Vanquished Creatures
  Grinder (D:3)
  Robin (D:2)
  An adder (D:3)
  2 orcs (D:3)
  5 ball pythons
  5 endoplasms (D:1)
  A giant cockroach (D:1)
  14 goblins
  7 hobgoblins
  5 jackals
  5 kobolds
  4 quokkas
  3 bats (D:3)
  3 frilled lizards
  3 rats
60 creatures vanquished.

Notes
Turn   | Place    | Note
-------+----------+-------------------------------------------
     0 | D:1      | ipx the Deep Elf Earth Elementalist began the quest for the
                  | Orb.
     0 | D:1      | Reached XP level 1. HP: 10/10 MP: 6/6
   199 | D:2      | Reached XP level 2. HP: 15/15 MP: 6/8
   202 | D:2      | Learned a level 2 spell: Passwall
   248 | D:2      | Found Ecrov's Antique Weapon Boutique.
   292 | D:2      | Reached skill level 1 in Shields
   384 | D:2      | Noticed Robin
   465 | D:2      | Reached skill level 4 in Earth Magic
   467 | D:2      | Reached XP level 3. HP: 14/19 MP: 9/9
   476 | D:2      | Killed Robin
   508 | D:2      | Learned a level 3 spell: Stone Arrow
   860 | D:3      | Found a faded altar of an unknown god.
   884 | D:3      | Reached XP level 4. HP: 24/24 MP: 7/10
   907 | D:3      | Reached skill level 1 in Conjurations
  1055 | D:2      | Noticed Natasha
  1128 | D:3      | Noticed Grinder
  1131 | D:3      | Noticed Jessica
  1133 | D:3      | Killed Grinder
  1133 | D:3      | Killed from afar by Jessica

Illustrated notes

Levels and vault maps discovered:
D:1:      minmay_arrival_glassed_features, layout_basic, minmay_heptomino_w4
D:2:      layout_basic, serial_shops, nicolae_shop_waterfront,
          minmay_misc_feat_diagonals, uniq_natasha, uniq_robin
D:3:      layout_loops_ring, basic_ecumenical_altar, wad_orctagon, uniq_jessica,
          uniq_grinder

Skill      XL: |  1  2  3  4 |
---------------+-------------+-----
Shields        | 1 2 |  2.0
Earth Magic    | 4 |  4.5
Conjurations   | 1 |  1.3
Dodging        | |  2.4
Stealth        | |  2.4
Spellcasting   | |  3.0
Transmutations | |  1.1

Action                   |  1- 3 |  4- 6 || total
-------------------------+-------+-------++-------
Melee: Unarmed           |    21 |       ||    21
       Dagger            |    14 |     5 ||    19
 Cast: Sandblast         |    43 |    19 ||    62
       Stone Arrow       |       |     3 ||     3
 Stab: Confused          |     1 |       ||     1
Armor: Skin              |     4 |       ||     4
       Animal skin       |     9 |     3 ||    12
Dodge: Dodged            |    37 |     6 ||    43
Block: Buckler           |     3 |     1 ||     4

Table legend: (Time is in decaauts)
 A = Elapsed time spent in this place.
 B = Non-inter-level travel time spent in this place.
 C = Inter-level travel time spent in this place.
 D = Time resting spent in this place.
 E = Time spent auto-exploring this place.
 F = Levels seen in this place.
 G = Mean time per level.
                   A        B        C        D        E       F      G
               +--------+--------+--------+--------+--------+-----+--------+
         Total |   1133 |   1074 |     59 |      0 |      0 |   3 |  377.7 |
       Dungeon |   1133 |   1074 |     59 |      0 |      0 |   3 |  377.7 |
               +--------+--------+--------+--------+--------+-----+--------+

Top non-repeatable levels by time:
     D:1: 446 daAuts
     D:2: 419 daAuts
     D:3: 268 daAuts
